 Dungeon Crawl Stone Soup version 0.28.0-53-g5a82cb258f (webtiles) character file.

Game seed: 3783784962457221172

340 gobodom the Chopper (level 6, -2/46 HPs)
             Began as a Demonspawn Gladiator on June 10, 2022.
             Slain by a hound (3 damage)
             ... on level 5 of the Dungeon.
             The game lasted 00:27:44 (4921 turns).

gobodom the Chopper (Demonspawn Gladiator)          Turns: 4921, Time: 00:27:45

Health: -2/46      AC:  6    Str: 15    XL:     6   Next: 30%
Magic:  4/9        EV: 13    Int: 11    God:
Gold:   137        SH:  0    Dex: 14    Spells: 6/9 levels left

rFire   . . .      SeeInvis .   a - +0 war axe
rCold   . . .      Faith    .   (no shield)
rNeg    . . .      Spirit   .   i - +2 robe {Will+}
rPois   .          Reflect  .   c - +0 helmet
rElec   .          Harm     .   (no cloak)
rCorr   .          Rampage  .   (no gloves)
Will    +....                   v - +0 pair of boots
Stlth   ++........              (no amulet)
HPRegen 0.15/turn               (no ring)
MPRegen 0.11/turn               (no ring)

@: no status effects
A: powered by death 1, demonic magic 2
a: no special abilities


You were on level 5 of the Dungeon.
You visited 1 branch of the dungeon, and saw 5 of its levels.

You collected 137 gold pieces.

Inventory:

Hand Weapons
 a - a +0 war axe (weapon)
 b - a +0 dagger of venom
 u - a +2 short sword of protection
 z - a +0 spear of flaming
Missiles
 d - 5 poisoned darts
 f - 158 stones (quivered)
 y - 2 throwing nets
Armour
 c - a +0 helmet (worn)
 i - a +2 robe of willpower (worn)
 m - the +0 kite shield "Aprofauw" {Rampage +Inv}
   (You found it on level 2 of the Dungeon)

   +Inv:      It lets you turn invisible.
   Rampage:   It bestows one free step when moving towards enemies.
 v - a +0 pair of boots (worn)
Wands
 s - a wand of flame (11)
Scrolls
 h - a scroll of enchant armour {unknown}
 k - 2 scrolls of amnesia {unknown}
 q - a scroll of magic mapping {unknown}
 r - a scroll of enchant weapon {unknown}
 t - a scroll of fear {unknown}
 w - a scroll of noise {unknown}
Potions
 e - a potion of magic {unknown}
 g - a potion of haste
 j - a potion of resistance
 n - a potion of brilliance
 x - 2 potions of curing {unknown}


   Skills:
 + Level 2.9 Fighting
 + Level 4.3 Axes
 + Level 2.1 Throwing
 + Level 0.4 Armour
 + Level 3.5 Dodging
 + Level 0.7 Stealth
 * Level 2.0 Spellcasting
 * Level 1.9 Translocations
 + Level 0.1 Evocations


You had 6 spell levels left.
You knew the following spells:

 Your Spells              Type           Power      Damage    Failure   Level
a - Blink                 Tloc           10%        N/A       19%         2
b - Magic Dart            Conj           4%         1d3       28%         1

Your spell library contained the following spells:

 Spells                   Type           Power      Damage    Failure   Level
 Searing Ray              Conj           2%         2d4       41%         2
 Animate Dead             Necr           0%         N/A       96%         4
 Fulminant Prism          Conj/Hex       0%         3d6       96%         4
 Manifold Assault         Tloc           5%         N/A       98%         5
 Borgnjor's Vile Clutch   Necr/Erth      0%         N/A       100%        5
 Death Channel            Necr           0%         N/A       100%        6
 Storm Form               Tmut/Air       0%         N/A       100%        7


Dungeon Overview and Level Annotations

Branches:
Dungeon (5/15)
 Temple: D:4-7

Altars:
Qazlal


Innate Abilities, Weirdness & Mutations

You regenerate a little health from kills.
Spells you cast may paralyse nearby enemies.


Message History

Confirm with . or Enter, or press ? or * to list all spells.
Aiming: Magic Dart (safe; 28% risk of failure)
Press: ? - help, Shift-Dir - straight line, f/p - ogre
Aim: an ogre, wielding a +0 giant club (heavily wounded, 100% to hit)
The magic dart hits the ogre.
The ogre is heavily wounded.
Malevolent energies surge around you.
The ogre suddenly stops moving!
An iguana comes into view.
The iguana hisses angrily.
You hear a bark!
A hound comes into view.
The hound moves out of view.
The helpless ogre fails to defend itself.
You hit the ogre.
The ogre is heavily wounded.
The ogre is no longer paralysed.
The ogre hits you with a +0 giant club!
* * * LOW HITPOINT WARNING * * *
Casting: Magic Dart (safe; 28% risk of failure)
Confirm with . or Enter, or press ? or * to list all spells.
You blink.
Malevolent energies surge around you.
The hound suddenly stops moving!
Found a scroll of identify.
You feel stable enough to blink again.
Casting: Blink (safe; 19% risk of failure)
Confirm with . or Enter, or press ? or * to list all spells.
You blink.
Malevolent energies surge around you.
As you read the scroll of teleportation, it crumbles to dust.
You feel strangely unstable.
Found a stone staircase leading up.
Your surroundings suddenly seem different.
You feel stable enough to blink again. 2 wights come into view.
A wight is wielding a +3 falchion of freezing.
Found 2 scrolls labelled NOOTAI RYNTIOV.
Found a bubbling orange potion.
The hound barks!
The iguana hisses angrily.
The iguana barely misses you. The hound bites you but does no damage.
The iguana bites you.
* * * LOW HITPOINT WARNING * * *
The iguana misses you. The hound bites you.
You die...

#### #####..## ###
##.......#########.##
#.........#..##.....#
#.............#.....# .
####.#?.##.#..#....## ..
#...##..###.......##...
#....O@h.##...zz.......
......<#l...z##.........
#........##......[........
#.........###..........?.#.
#......#...#..............#
.......##..................#
.#####. ....................
............?.....#.
....!........##


You could see an ogre, an iguana, a hound and a wight.

Vanquished Creatures
  A bullfrog zombie (D:5)
  An orc priest (D:3)
  A centaur skeleton (D:3)
  An orc wizard (D:3)
  8 gnolls
  2 adders
  A white imp (D:5)
  2 worms
  3 dart slugs
  11 orcs
  12 ball pythons
  10 bats
  5 endoplasms
  8 giant cockroaches
  7 goblins
  6 hobgoblins
  3 jackals (D:3)
  5 quokkas
  6 frilled lizards
  7 kobolds
  5 rats
105 creatures vanquished.

Notes
Turn   | Place    | Note
-------+----------+-------------------------------------------
     0 | D:1      | gobodom the Demonspawn Gladiator began the quest for the
                  | Orb.
     0 | D:1      | Reached XP level 1. HP: 16/16 MP: 1/1
   199 | D:1      | Reached skill level 3 in Axes
   223 | D:1      | Gained mutation: You regenerate a little health from kills.
                  | [demonic ancestry]
   223 | D:1      | Reached XP level 2. HP: 22/22 MP: 2/2
   770 | D:1      | Reached XP level 3. HP: 27/28 MP: 3/3
   776 | D:1      | Learned a level 2 spell: Blink
  1093 | D:2      | Identified the +0 kite shield "Aprofauw" {Rampage +Inv}
  1322 | D:2      | Found a faded altar of an unknown god.
  2076 | D:3      | Reached XP level 4. HP: 34/34 MP: 4/4
  2180 | D:3      | Reached skill level 1 in Translocations
  2658 | D:3      | Reached skill level 1 in Spellcasting
  2658 | D:3      | Gained mutation: Spells you cast may paralyse adjacent
                  | enemies. [demonic ancestry]
  2658 | D:3      | Reached XP level 5. HP: 38/39 MP: 6/6
  3421 | D:4      | HP: 1/39 [gnoll/+0 spear (5)]
  3738 | D:3      | Reached skill level 4 in Axes
  4169 | D:4      | Gained mutation: Spells you cast may paralyse nearby
                  | enemies. [demonic ancestry]
  4169 | D:4      | Reached XP level 6. HP: 46/46 MP: 6/8
  4311 | D:4      | Learned a level 1 spell: Magic Dart
  4660 | D:5      | Entered Level 5 of the Dungeon
  4669 | D:5      | Found a stormy altar of Qazlal.
  4798 | D:5      | HP: 2/46 [bullfrog zombie (3)]
  4892 | D:5      | HP: 1/46 [ogre/+0 giant club (16)]
  4920 | D:5      | HP: 1/46 [iguana (4)]
  4921 | D:5      | Slain by a hound

Illustrated notes

Levels and vault maps discovered:
D:1:      dpeg_arrival_triangle_fractal, layout_loops_corners
D:2:      layout_basic, hellmonk_ecumenical_altar_heavens_door,
          hangedman_decor_growths, minivault_23, minmay_between
D:3:      layout_basic
D:4:      layout_basic, gup_sewer_entry_pipe
D:5:      layout_cave_pools, nicolae_overflow_hidden_temple

Skill      XL: |  1  2  3  4  5  6 |
---------------+-------------------+-----
Axes           | 3 4 |  4.3
Dodging        | 3 |  3.5
Translocations | 1 |  1.9
Spellcasting   | 1 2 |  2.0
Throwing       | 2 |  2.1
Fighting       | |  2.9
Armour         | |  0.4
Stealth        | |  0.7
Evocations     | |  0.1

Action                   |  1- 3 |  4- 6 || total
-------------------------+-------+-------++-------
Melee: War axe           |   145 |   152 ||   297
       Punch             |     1 |     1 ||     2
Throw: Dart              |     4 |    22 ||    26
       Stone             |       |     9 ||     9
       Throwing net      |       |     4 ||     4
 Cast: Blink             |     4 |     7 ||    11
       Magic Dart        |       |    21 ||    21
Evoke: Wand              |       |     8 ||     8
  Use: Scroll            |     1 |     8 ||     9
 Stab: Sleeping          |     1 |     2 ||     3
       Paralysed         |       |     9 ||     9
Armor: Ring mail         |    51 |       ||    51
       Leather armour    |     2 |       ||     2
       Robe              |    17 |    55 ||    72
Dodge: Dodged            |   105 |   125 ||   230
